 Dungeon Crawl Stone Soup version 0.28-a0-704-g4d584c6bc1 (webtiles) character file.

Game seed: 16435121239527329252

3658 Gargoyl the Fighter (level 10, -7/121 HPs)
             Began as a Gnoll Abyssal Knight on Oct 24, 2021.
             Was a Priest of Lugonu.
             Mangled by Gastronok (25 damage)
             ... on level 7 of the Dungeon.
             The game lasted 00:12:18 (9913 turns).

Gargoyl the Fighter (Gnoll Abyssal Knight)          Turns: 9913, Time: 00:12:19

Health: -7/121     AC: 29    Str: 17 (18) XL:     10   Next: 12%
Magic:  17/17      EV:  2    Int:  4 (5)  God:    Lugonu [***...]
Gold:   140        SH:  9    Dex: 15      Spells: 19/19 levels left

rFire   + . .      SeeInvis .   r - +2 hand axe (flame)
rCold   + . .      Faith    .   e - +0 kite shield of Wuol {Str+6 Int-4}
rNeg    + . .      Spirit   .   (armour currently unavailable)
rPois   +          Reflect  .   (helmet currently unavailable)
rElec   +          Harm     .   (cloak currently unavailable)
rCorr   +          Rampage  .   (gloves currently unavailable)
Will    .....      NoTele   +   (boots currently unavailable)
Stlth   +++.......              (no amulet)
HPRegen 0.30/turn               h - +4 ring of protection
MPRegen 0.15/turn               k - ring "Noscheps" {rN+ EV+4}

@: tree-form, resistant
A: stationary, stasis, torment immunity, boosted hp, (fangs 1), strong nose,
distributed training, weak 1, MP-powered wands
a: Renounce Religion, Depart the Abyss, Bend Space, Banish


You were on level 7 of the Dungeon.
You worshipped Lugonu.
Lugonu was most pleased with you.
You were a tree.
You visited 1 branch of the dungeon, and saw 8 of its levels.
You visited the Abyss 1 time.

You collected 342 gold pieces.
You spent 202 gold pieces at shops.

Inventory:

Hand Weapons
 a - a +1 hand axe
 r - a +2 hand axe of flaming (weapon)
Missiles
 f - 49 poisoned darts (quivered)
Armour
 d - a +2 helmet (melded)
 e - the +0 kite shield of Wuol (worn) {Str+6 Int-4}
   (You acquired it on level 2 of the Dungeon)

   Str:       It affects your strength (+6).
   Int:       It affects your intelligence (-4).
 m - a +1 chain mail of fire resistance (melded)
 t - a +0 pair of gloves (melded)
Jewellery
 h - a +4 ring of protection (left branch)
 k - the ring "Noscheps" (right branch) {rN+ EV+4}
   (You acquired it on level 4 of the Dungeon)

   [ring of evasion]

   EV:        It affects your evasion (+4).
   rN:        It protects you from negative energy.
 s - a ring of flight
Wands
 o - a wand of digging (3)
 p - a wand of flame (33)
Scrolls
 b - 5 scrolls of teleportation
 q - 3 scrolls of identify
Potions
 c - a potion of lignification
 g - a potion of curing
 i - a potion of haste
 j - 2 potions of brilliance
 n - a potion of resistance


   Skills:
 + Level 8.3 Fighting
 + Level 5.0 Short Blades
 + Level 5.0 Long Blades
 + Level 6.8 Axes
 + Level 5.0 Maces & Flails
 + Level 5.0 Polearms
 + Level 5.0 Staves
 + Level 5.0 Slings
 + Level 5.0 Bows
 + Level 5.0 Crossbows
 + Level 5.0 Throwing
 + Level 6.8 Armour
 + Level 5.6 Dodging
 + Level 5.0 Stealth
 + Level 5.0 Shields
 + Level 5.0 Unarmed Combat
 + Level 5.0 Spellcasting
 + Level 4.1 Conjurations
 + Level 4.1 Hexes
 + Level 4.1 Summonings
 + Level 4.1 Necromancy
 + Level 4.1 Translocations
 + Level 4.1 Transmutations
 + Level 4.1 Fire Magic
 + Level 4.1 Ice Magic
 + Level 4.1 Air Magic
 + Level 4.1 Earth Magic
 + Level 4.1 Poison Magic
 + Level 7.2 Invocations
 + Level 5.0 Evocations


You had 19 spell levels left.
You didn't know any spells.
Your spell library contained the following spells:

 Spells                   Type           Power      Damage    Failure   Level
 Slow                     Hex            4%         N/A       34%         2
 Confusing Touch          Hex            4%         N/A       56%         3
 Vampiric Draining        Necr           2%         2d6       56%         3


Dungeon Overview and Level Annotations

Branches:
Dungeon (8/15)             Temple (0/1) D:5
   Lair: D:8-11

Altars:
Dithmenos
Hepliaklqana
Makhleb
Wu Jian

Shops:
D:2 [   D:5 (   D:6 :   D:7 [

Annotations:
D:5 3 runed translucent doors, StikS32's ghost, amateur TrFi
D:7 Gastronok


Innate Abilities, Weirdness & Mutations

You are a tree.
Your roots penetrate the ground, keeping you stationary.
You cannot be teleported.
You are immune to unholy pain and torment.
Your maximum health is greatly increased.
Your equipment is partially melded.
((You have very sharp teeth.))
Your uncanny sense of smell can sniff out nearby items.
Your experience applies equally to all skills.
You are weak. (Str -2)
You expend magic power (3 MP) to strengthen your wands.


Message History

The air twists around and strikes you!
* * * LOW HITPOINT WARNING * * *
You slash Gastronok! You burn Gastronok.
Gastronok is heavily wounded.
You hit Gastronok. You burn Gastronok.
Gastronok is heavily wounded.
Gastronok bites you!
* * * LOW HITPOINT WARNING * * *
Unknown command.
It was a potion of magic.
Magic courses through your body.
It was a potion of resistance.
You feel protected. Gastronok bites you.
* * * LOW HITPOINT WARNING * * *
Throw: 50 darts (poison)
Press: ? - help, Q - select action, (/) - cycle Shift-Dir - straight line, f/p - Gastronok
Aim: Gastronok, wearing a +0 hat (heavily wounded, very poisoned, 94% to hit)
You throw a poisoned dart. The poisoned dart hits Gastronok.
Gastronok looks even sicker.
Gastronok is heavily wounded.
Okay, then.
You hit Gastronok. You burn Gastronok.
Gastronok is severely wounded.
Gastronok's eyestalks quiver as he mumbles some strange words.
You slash Gastronok! You burn Gastronok.
Gastronok is severely wounded.
You hit the bat. You burn the bat.
You kill the bat!
The bat's corpse disappears in a puff of smoke!
You block the bat's attack.
Unknown command.
You hit Gastronok. You burn Gastronok.
Gastronok is severely wounded.
You closely miss the quokka. You hit the bat. You burn the bat.
You kill the bat!
The bat's corpse disappears in a puff of smoke!
The quokka bites you.
* * * LOW HITPOINT WARNING * * *
Gastronok bites you!!
You die...

#......#.#########.#### #
#.....##.#(....##.....##
#
#.....#[...............##
#
#####.#.(...............#
#.#.................#
#.#.....=...........#
#.#.................#
#.#..§wr............#
#.....♣..)..........#
#..##...........)...###
#..###...<.#......#....
#..# ########..########
#..# #..# #.## #..# #.#
#..# #.# #..# ### #..#


You could see Gastronok (very poisoned) and a quokka (summoned).

Vanquished Creatures
  Grinder (D:6)
  Sigmund (D:2)
  Menkaure (D:6)
  3 water moccasins
  An orc warrior (D:6)
  A black bear (D:6)
  3 sky beasts
  2 ice beasts
  A necrophage (D:5)
  4 ogres
  2 bullfrogs (D:7)
  4 scorpions
  A water moccasin zombie (D:6)
  A water moccasin skeleton (D:5)
  3 wights (D:6)
  2 centaur zombies (D:6)
  4 hounds
  2 jellies
  2 orc priests (D:5)
  Natasha (thrice) (D:4)
  An iguana (D:7)
  3 orc wizards
  2 killer bee zombies (D:7)
  A hound zombie (D:5)
  Robin (D:4)
  A howler monkey zombie (D:5)
  11 gnolls
  A howler monkey skeleton (D:7)
  6 adders
  A shadow imp (D:4)
  4 ufetubi
  2 dart slugs (D:3)
  18 orcs
  9 endoplasms
  6 giant cockroaches
  12 goblins
  7 hobgoblins
  2 jackals (D:4)
  6 kobolds
  8 quokkas
  9 ball pythons
  7 bats
  3 frilled lizards
  7 rats
170 creatures vanquished.

Notes
Turn   | Place    | Note
-------+----------+-------------------------------------------
     0 | Abyss:1  | Gargoyl the Gnoll Abyssal Knight began the quest for the
                  | Orb.
     0 | Abyss:1  | Reached XP level 1. HP: 23/23 MP: 3/3
    71 | Abyss:2  | Noticed a chaos spawn
    79 | Abyss:2  | Noticed a raiju
    80 | D:1      | Escaped the Abyss
   324 | D:1      | Reached XP level 2. HP: 29/29 MP: 5/5
   417 | D:1      | Reached * piety under Lugonu
   685 | D:1      | Reached XP level 3. HP: 27/35 MP: 6/6
   992 | D:1      | Found a faded altar of an unknown god.
  1366 | D:2      | Noticed Sigmund
  1387 | D:2      | Killed Sigmund
  1388 | D:2      | Reached skill level 1 in Short Blades
  1388 | D:2      | Reached skill level 1 in Long Blades
  1388 | D:2      | Reached skill level 1 in Maces & Flails
  1388 | D:2      | Reached skill level 1 in Polearms
  1388 | D:2      | Reached skill level 1 in Staves
  1388 | D:2      | Reached skill level 1 in Slings
  1388 | D:2      | Reached skill level 1 in Bows
  1388 | D:2      | Reached skill level 1 in Crossbows
  1388 | D:2      | Reached skill level 1 in Throwing
  1388 | D:2      | Reached skill level 1 in Stealth
  1388 | D:2      | Reached skill level 1 in Shields
  1388 | D:2      | Reached skill level 1 in Unarmed Combat
  1388 | D:2      | Reached skill level 1 in Spellcasting
  1388 | D:2      | Reached skill level 1 in Conjurations
  1388 | D:2      | Reached skill level 1 in Hexes
  1388 | D:2      | Reached skill level 1 in Summonings
  1388 | D:2      | Reached skill level 1 in Necromancy
  1388 | D:2      | Reached skill level 1 in Translocations
  1388 | D:2      | Reached skill level 1 in Transmutations
  1388 | D:2      | Reached skill level 1 in Fire Magic
  1388 | D:2      | Reached skill level 1 in Ice Magic
  1388 | D:2      | Reached skill level 1 in Air Magic
  1388 | D:2      | Reached skill level 1 in Earth Magic
  1388 | D:2      | Reached skill level 1 in Poison Magic
  1388 | D:2      | Reached skill level 1 in Evocations
  1388 | D:2      | Reached XP level 4. HP: 17/41 MP: 7/7
  1388 | D:2      | Reached XP level 5. HP: 19/47 MP: 8/8
  1770 | D:2      | Found Lual's Armour Shop.
  1788 | D:2      | Identified a scroll of acquirement
  1788 | D:2      | Acquired the +0 kite shield of Wuol {Str+6 Int-4}
  2213 | D:2      | Reached skill level 5 in Invocations
  2293 | D:3      | Gained mutation: You are weak. (Str -2) [potion of
                  | mutation]
  2293 | D:3      | Gained mutation: You expend magic power (3 MP) to
                  | strengthen your wands. [potion of mutation]
  2394 | D:3      | Reached XP level 6. HP: 49/53 MP: 9/9
  2968 | D:2      | Reached skill level 5 in Axes
  2968 | D:2      | Reached skill level 5 in Armour
  3581 | D:4      | Noticed Natasha
  3594 | D:4      | Killed Natasha
  3941 | D:4      | Reached XP level 7. HP: 42/59 MP: 10/10
  4070 | D:4      | Reached ** piety under Lugonu
  4100 | D:4      | Noticed Robin
  4117 | D:4      | Killed Robin
  4126 | D:4      | Reached skill level 7 in Fighting
  4194 | D:4      | Noticed Natasha
  4205 | D:4      | Killed Natasha
  4384 | D:4      | Noticed Natasha
  4397 | D:4      | Killed Natasha
  4950 | D:4      | Acquired the ring "Noscheps" {rN+ EV+4}
  5183 | D:5      | Entered Level 5 of the Dungeon
  5327 | D:5      | Found a staircase to the Ecumenical Temple.
  5424 | D:5      | Found a hazy altar of Hepliaklqana.
  5431 | D:5      | Found a runed translucent gate.
  5431 | D:5      | Found a runed translucent gate.
  5431 | D:5      | Found a runed translucent gate.
  5431 | D:5      | Noticed StikS32's ghost (amateur TrFi)
  5547 | D:5      | Reached XP level 8. HP: 46/67 MP: 12/12
  5926 | D:5      | Reached *** piety under Lugonu
  6240 | D:5      | Found Ibaadaf's Weapon Shop.
  6526 | D:6      | Found Icimelo's Book Shoppe.
  6596 | D:6      | Noticed Menkaure
  6614 | D:6      | Killed Menkaure
  6622 | D:6      | Reached XP level 9. HP: 25/73 MP: 1/14
  7337 | D:6      | Reached skill level 5 in Dodging
  7588 | D:6      | Found a shadowy altar of Dithmenos.
  7602 | D:6      | Reached skill level 8 in Fighting
  7704 | D:6      | Noticed Grinder
  7715 | D:6      | Paralysed by Grinder for 7 turns
  7723 | D:6      | Killed Grinder
  8382 | D:7      | HP: 2/74 [poisoned by an orc warrior]
  8738 | D:6      | Reached XP level 10. HP: 56/80 MP: 17/17
  9349 | D:7      | Found a burning altar of Makhleb.
  9586 | D:7      | Found an ornate altar of the Wu Jian Council.
  9637 | D:7      | Found Geposef's Antique Armour Boutique.
  9641 | D:7      | Bought a shiny chain mail for 202 gold pieces
  9688 | D:7      | Reached skill level 5 in Short Blades
  9688 | D:7      | Reached skill level 5 in Long Blades
  9688 | D:7      | Reached skill level 5 in Maces & Flails
  9688 | D:7      | Reached skill level 5 in Polearms
  9688 | D:7      | Reached skill level 5 in Staves
  9688 | D:7      | Reached skill level 5 in Slings
  9688 | D:7      | Reached skill level 5 in Bows
  9688 | D:7      | Reached skill level 5 in Crossbows
  9688 | D:7      | Reached skill level 5 in Throwing
  9688 | D:7      | Reached skill level 5 in Stealth
  9688 | D:7      | Reached skill level 5 in Shields
  9688 | D:7      | Reached skill level 5 in Unarmed Combat
  9688 | D:7      | Reached skill level 5 in Spellcasting
  9688 | D:7      | Reached skill level 5 in Evocations
  9889 | D:8      | Noticed Gastronok
  9913 | D:7      | Mangled by Gastronok

Illustrated notes

Levels and vault maps discovered:
D:1:      dpeg_arrival_boxorama, layout_basic,
          shapermc_ecumenical_altar_totnotflames, minmay_hexomino_c4
D:2:      layout_loops_ring, serial_shops,
          nicolae_shop_temple_entry_statues_fountains, uniq_sigmund
D:3:      layout_basic, st_stairs_9, minmay_cupped
D:4:      minmay_skewed_foursquare, layout_cave_pools, uniq_robin, uniq_natasha
D:5:      layout_gridville, mainiacjoe_overflow_small_starburst,
          temple_fountains, serial_shops, nicolae_square_shop,
          ebering_ghost_rock_garden
D:6:      layout_loops_corners, general_overflow_altar, serial_shops,
          shop_fountains, minmay_checkerbox, uniq_grinder, uniq_menkaure
D:7:      layout_rooms, kennysheep_mini_moat, lightli_temple_of_fire,
          serial_shops, nicolae_shop_stone, dk_noncrumbling_3
D:8:      layout_cave_pools, lemuel_coloured_pillars_altar, uniq_grum,
          uniq_harold, uniq_gastronok, uniq_erica, uniq_joseph

Skill      XL: |  1  2  3  4  5  6  7  8  9 10 |
---------------+-------------------------------+-----
Short Blades   | 1 2 3 4 5 |  5.0
Long Blades    | 1 2 3 4 5 |  5.0
Maces & Flails | 1 2 3 4 5 |  5.0
Polearms       | 1 2 3 4 5 |  5.0
Staves         | 1 2 3 4 5 |  5.0
Slings         | 1 2 3 4 5 |  5.0
Bows           | 1 2 3 4 5 |  5.0
Crossbows      | 1 2 3 4 5 |  5.0
Throwing       | 1 2 3 4 5 |  5.0
Dodging        | 3 4 5 |  5.6
Stealth        | 1 2 3 4 5 |  5.0
Shields        | 1 2 3 4 5 |  5.0
Unarmed Combat | 1 2 3 4 5 |  5.0
Spellcasting   | 1 2 3 4 5 |  5.0
Conjurations   | 1 2 3 4 |  4.1
Hexes          | 1 2 3 4 |  4.1
Summonings     | 1 2 3 4 |  4.1
Necromancy     | 1 2 3 4 |  4.1
Translocations | 1 2 3 4 |  4.1
Transmutations | 1 2 3 4 |  4.1
Fire Magic     | 1 2 3 4 |  4.1
Ice Magic      | 1 2 3 4 |  4.1
Air Magic      | 1 2 3 4 |  4.1
Earth Magic    | 1 2 3 4 |  4.1
Poison Magic   | 1 2 3 4 |  4.1
Evocations     | 1 2 3 4 5 |  5.0
Invocations    | 5 6 7 |  7.2
Axes           | 5 6 |  6.8
Armour         | 5 6 |  6.8
Fighting       | 7 8 |  8.3

Action                   |  1- 3 |  4- 6 |  7- 9 | 10-12 || total
-------------------------+-------+-------+-------+-------++-------
Melee: Hand axe          |   106 |   133 |   454 |    80 ||   773
       Bite              |     6 |    16 |    50 |    10 ||    82
Throw: Dart              |       |     8 |    24 |     7 ||    39
Invok: Depart the Abyss  |     1 |       |       |       ||     1
       Banish            |       |       |     1 |       ||     1
       Bend Space        |       |       |     2 |       ||     2
Evoke: Wand              |       |       |     3 |       ||     3
  Use: Scroll            |     3 |     4 |     5 |       ||    12
       Potion            |     1 |     2 |     4 |     7 ||    14
Armor: Plate armour      |   120 |   118 |   398 |    33 ||   669
       Chain mail        |       |       |       |     7 ||     7
Dodge: Dodged            |    19 |    31 |   155 |    18 ||   223
Block: Kite shield       |       |    86 |   262 |    35 ||   383

Table legend: (Time is in decaauts)
 A = Elapsed time spent in this place.
 B = Non-inter-level travel time spent in this place.
 C = Inter-level travel time spent in this place.
 D = Time resting spent in this place.
 E = Time spent auto-exploring this place.
 F = Levels seen in this place.
 G = Mean time per level.
                   A        B        C        D        E       F      G
               +--------+--------+--------+--------+--------+-----+--------+
         Total |  10114 |   9884 |    230 |   1329 |   6382 |  10 | 1011.4 |
       Dungeon |  10033 |   9803 |    230 |   1329 |   6339 |   8 | 1254.1 |
         Abyss |     80 |     80 |      0 |      0 |     43 |   2 |   40.0 |
               +--------+--------+--------+--------+--------+-----+--------+

Top non-repeatable levels by time:
     D:6: 2273 daAuts
     D:4: 1616 daAuts
     D:5: 1439 daAuts
     D:3: 1380 daAuts
     D:1: 1282 daAuts
     D:2: 1088 daAuts
     D:7: 949 daAuts
 Abyss:2: 59 daAuts
 Abyss:1: 21 daAuts
     D:8: 1 daAuts
